 Dungeon Crawl Stone Soup version 0.30-a0-364-gf6b3ef1049 (webtiles) character file.

Game seed: 1400319158163865499

143 NinjaNoafa the Poker (level 5, -1/40 (44) HPs)
             Began as an Armataur Fighter on Nov 15, 2022.
             Slain by an orc
             ... wielding a +2 flail of draining
              (5 damage)
             ... on level 3 of the Dungeon.
             The game lasted 00:03:00 (1625 turns).

NinjaNoafa the Poker (Armataur Fighter)             Turns: 1625, Time: 00:03:00

HP:   -1/40 (44)    AC:  8    Str: 23    XL:     5   Next: 4%
MP:   5/5           EV:  7    Int:  9    God:
Gold: 117           SH:  4    Dex:  9    Spells: 4/4 levels left

rFire   . . .      SeeInvis .    a - +0 flail
rCold   . . .      Faith    .    c - +0 buckler
rNeg    . . .      Spirit   .    b - +0 scale mail
rPois   .          Reflect  .    (no helmet)
rElec   .          Harm     .    n - +0 cloak
rCorr   .          Roll     +    (no gloves)
Will    .....                    (no barding)
Stlth   ..........               m - amulet of regeneration
HPRegen 1.06/turn                (no ring)
MPRegen 0.09/turn                (no ring)

@: mighty, attractive, drained
A: large, rugged brown scales 3, deformed body, armoured tail, roll, long
tongue, awkward tongue
a: no special abilities


You were on level 3 of the Dungeon.
You visited 1 branch of the dungeon, and saw 3 of its levels.

You collected 117 gold pieces.

Inventory:

Hand Weapons
 a - a +0 flail (weapon)
Missiles
 f - 30 stones (quivered)
Armour
 b - a +0 scale mail (worn)
 c - a +0 buckler (worn)
 n - a +0 cloak (worn)
Jewellery
 m - an amulet of regeneration (around neck)
Scrolls
 g - 2 scrolls of teleportation {unknown}
 h - a scroll of poison {unknown}
 i - 2 scrolls of identify {unknown}
 j - a scroll of enchant armour {unknown}
 k - a scroll of amnesia {unknown}
Potions
 d - a potion of might
 o - a potion of curing {unknown}


   Skills:
 - Level 2.6 Fighting
 - Level 2.2 Maces & Flails
 + Level 3.7 Polearms
 - Level 3.6 Armour
 - Level 3.2 Shields


You had 4 spell levels left.
You didn't know any spells.
Your spell library was empty.

Dungeon Overview and Level Annotations

Branches:
Dungeon (3/15)

Altars:

Shops:
D:1 :*   D:3 *

Annotations:
D:2 1 runed translucent door, Crazy Yiuf


Innate Abilities, Weirdness & Mutations

You are completely covered in rugged brown scales. (AC +3, +7% HP)
Armour fits poorly on your strangely shaped body.
You have a long armoured tail.
You roll when moving toward enemies. (Rampage)
Your long tongue fully drains potion bottles. (2x potion effects)
Your tongue gives you trouble enunciating. (1.5x scroll delay)


Message History

The orc attacks as you move away! The orc hits you with a +0 flail.
You block the hound's attack. The hound attacks as you move away!
The hound bites you but does no damage.
A rat comes into view.
The hound bites you. The hound attacks as you move away!
The hound closely misses you. The hound bites you but does no damage.
You closely miss the hound. The hound bites you.
The hound bites you but does no damage.
You closely miss the hound. The hound bites you.
The hound stops to sniff the ground.
You block the hound's attack.
You hit the hound.
The hound is lightly wounded.
The hound bites you but does no damage. The hound bites you.
You slurp down every last drop of the 2 potions of might!
You feel very mighty all of a sudden. The hound bites you but does no damage.
You bludgeon the hound!!
You kill the hound!
The orc closely misses you.
You have reached level 5!
You barely miss the orc.
The orc hits you with a +2 flail of draining!
You feel drained.
* * * LOW HITPOINT WARNING * * *
You hit the orc.
The orc is lightly wounded.
The orc hits you but does no damage.
You feel drained.
You hit the orc.
The orc is heavily wounded.
The orc hits you with a +2 flail of draining!
* * * LOW HITPOINT WARNING * * *
You feel drained.
* * * LOW HITPOINT WARNING * * *
You slurp down every last drop of the green potion!
It was a potion of attraction.
You feel attractive to monsters.
The orc hits you with a +2 flail of draining.
You die...

.. #....#...
...####......
...........
.......).# #..# #)o#
#..# ######.o#######
#......oro@...#
#######.####..#####.#
..............#
#######..#....# #
#.....#....# #
#.##.##....### #
#............
####.##.###...###
#...†##.....<...#


You could see 3 orcs and a rat.

Vanquished Creatures
  A hound (D:3)
  An orc priest (D:3)
  An orc wizard (D:3)
  2 adders (D:2)
  A worm (D:3)
  A dart slug (D:1)
  4 endoplasms
  A giant cockroach (D:1)
  5 goblins
  2 hobgoblins (D:2)
  A quokka (D:1)
  3 ball pythons
  4 bats
  4 frilled lizards
  4 kobolds
  3 rats
38 creatures vanquished.

Vanquished Creatures (others)
  A fungus (D:2)
1 creature vanquished.

Grand Total: 39 creatures vanquished

Notes
Turn   | Place    | Note
-------+----------+-------------------------------------------
     0 | D:1      | NinjaNoafa the Armataur Fighter began the quest for the
                  | Orb.
     0 | D:1      | Reached XP level 1. HP: 19/19 MP: 1/1
    78 | D:1      | Found Caggumie's Assorted Antiques.
   222 | D:1      | Reached XP level 2. HP: 26/26 MP: 2/2
   236 | D:1      | Reached skill level 1 in Polearms
   250 | D:1      | Found Noqa's Book Emporium.
   546 | D:2      | Reached XP level 3. HP: 23/32 MP: 3/3
  1299 | D:2      | Found a runed translucent door.
  1300 | D:2      | Noticed Crazy Yiuf
  1436 | D:3      | Found Xusodej's Assorted Antiques.
  1609 | D:3      | Reached XP level 4. HP: 23/39 MP: 4/4
  1622 | D:3      | Reached XP level 5. HP: 20/44 MP: 5/5
  1625 | D:3      | Slain by an orc

Illustrated notes

Levels and vault maps discovered:
D:1:      dreamdust_arrival_sigmund_warning, layout_basic, serial_shops, shop,
          shop
D:2:      layout_basic, hex_medium, uniq_crazy_yiuf_cottage
D:3:      minmay_razor_zed, layout_basic, serial_shops, nicolae_shop_stone,
          shop_fountains, shop, minivault_24, moated_statue, uniq_natasha

Skill      XL: |  1  2  3 |
---------------+----------+-----
Maces & Flails | 2 |  2.2
Polearms       | 1 3 |  3.7
Fighting       | |  2.6
Armour         | |  3.6
Shields        | |  3.2

Action                   |  1- 3 |  4- 6 || total
-------------------------+-------+-------++-------
Melee: Flail             |    79 |     9 ||    88
       Tailslap          |     9 |       ||     9
Throw: Javelin           |    17 |       ||    17
  Use: Potion            |       |     2 ||     2
Armor: Scale mail        |    59 |    12 ||    71
Dodge: Dodged            |    34 |     2 ||    36
Block: Buckler           |    23 |     3 ||    26

Table legend: (Time is in decaauts)
 A = Elapsed time spent in this place.
 B = Non-inter-level travel time spent in this place.
 C = Inter-level travel time spent in this place.
 D = Time resting spent in this place.
 E = Time spent auto-exploring this place.
 F = Levels seen in this place.
 G = Mean time per level.
                   A        B        C        D        E       F      G
               +--------+--------+--------+--------+--------+-----+--------+
         Total |   1662 |   1612 |     50 |      0 |   1294 |   3 |  554.0 |
       Dungeon |   1662 |   1612 |     50 |      0 |   1294 |   3 |  554.0 |
               +--------+--------+--------+--------+--------+-----+--------+

Top non-repeatable levels by time:
     D:2: 902 daAuts
     D:1: 530 daAuts
     D:3: 229 daAuts
